Description

This is a very solid 3-1-1 build that was made somewhat famous by Ryung in IEM 2022 using it to beat a lot of the world's best Protoss players on his journey. I love Ryung.

VOD

https://www.youtube.com/watch?v=v5wCuNXG_iY

Replay - herO v Ryung: Game 1 - 2000 애트모스피어 - 래더

Build Order

Get SALT Encoding   

  14  0:17  Supply Depot  
  16  0:39  Barracks  
  16  0:43  Refinery  
  18  1:03  SCV  SCV leaves to scout
  20  1:27  Marine  
  20  1:28  Orbital Command  
  20  1:44  Command Center  
  20  1:49  Barracks Reactor  
  21  2:03  Supply Depot  
  22  2:13  Factory  
  23  2:25  Marine x2  
  26  2:36  Barracks  
  27  2:44  Marine x2  
  29  2:46  Refinery  
  30  2:57  Factory Tech Lab  
  30  2:58  Orbital Command  
  32  3:04  Marine x2  
  36  3:16  Cyclone  Swap factory off tech lab after this is done so third barracks can swap onto it as soon as it is completed.
  37  3:23  Barracks Tech Lab  
  38  3:28  Barracks  
  40  3:40  Supply Depot  
  40  3:41  Stimpack  
  43  3:44  Marine x3  
  46  3:58  Engineering Bay  
  46  4:00  Supply Depot  
  51  4:08  Marine x3  
  51  4:18  Supply Depot  
  53  4:20  Combat Shield  Swap third barracks onto tech lab created by factory
  53  4:25  Terran Infantry Weapons Level 1  
  53  4:28  Factory Reactor, Starport  
  57  4:34  Marine x2  
  57  4:42  Bunker  
  63  4:48  Marauder x2  
  59  4:44  Refinery  
  65  4:57  Supply Depot  
  67  5:00  Marine x2  
  69  5:16  Medivac x2  
  77  5:24  Marauder x2  
  81  5:29  Marine x2  
  81  5:31  Factory Reactor  
  81  5:35  Concussive Shells  Attack with first two medivacs with marines and marauders after they come out or wait for more units and go for a double prong like Ryung did in Game 2 on Glittering Ashes (large macro map)
  88  6:05  Command Center  This is not an all-in build.
Spawning Tool Build Advisor. Get it on Overwolf

Go to:

Details

  • Created by: honorablemacroterran
  • Published on: Jul 20, 2022
  • Modified on: Oct 13, 2022
  • Patch: 4.11.0
  • Difficulty: Medium
Show
View Real Time Build Order
Export as new Build Order

Comments (0)

There are no comments. Be the first!

Create an account to comment!